cohdb
Replays
Latest Replays
All Replays
Popular Replays
Top Player Replays
Match Explorer
How It Works
Community
CoH3 Stats
Reddit
Sign in to upload your games and track your stats! →
Sign in with Steam
Match 38655031
Unlisted
Match 38655031
Overview
Messages
Build Orders
End
Construct Barracks
Riflemen Squad
M1 Mortar Team
Riflemen Squad
M1 Mortar Team
Selects Advanced Infantry Battlegroup
Selects Convert to Ranger Squad
Ranger Squad
Grenade Package
Ranger Squad
Kim Zhong Yun
ayEasing
Matasa
『BlackBear』
Easyjunjie
Deadpool
0
0
Comments
sign in to comment!
No comments posted yet!